 Dungeon Crawl Stone Soup version 0.31.0-11-ge490571c62 (webtiles) character file.

Game seed: 12658545697956776761

365 qw the Ducker (level 6, -2/33 HPs)
             Began as a Spriggan Hunter on Feb 5, 2024.
             Slain by an orc priest
             ... wielding a +0 hand axe
              (3 damage)
             ... on level 4 of the Dungeon.
             The game lasted 00:00:42 (2124 turns).

qw the Ducker (Spriggan Hunter)                     Turns: 2124, Time: 00:00:42

Health: -2/33      AC:  1    Str:  7    XL:     6   Next: 40%
Magic:  7/7        EV: 25    Int: 10    God:
Gold:   114        SH:  0    Dex: 29    Spells: 5/5 levels left

rFire   . . .        a - +0 shortbow
rCold   . . .        (shield currently unavailable)
rNeg    + . .        c - +0 robe
rPois   .            (helmet restricted)
rElec   .            (no cloak)
rCorr   .            (gloves unavailable)
SInv    +            (boots unavailable)
Will    +....        (no amulet)
Stlth   ++++         g - +6 ring of dexterity
HPRegen 0.25/turn    m - ring of positive energy
MPRegen 0.10/turn

%: no passive effects
@: lethally poisoned (-2 -> -7), about to teleport, very quick
A: very small, no large weapons, unfitting armour, see invisible, speed 3,
talons 1, thin skeletal structure 1, deformed body, robust 1
a: no special abilities


You were on level 4 of the Dungeon.
You visited 1 branch of the dungeon, and saw 4 of its levels.

You collected 114 gold pieces.


Innate Abilities, Weirdness & Mutations

You are very small and have problems with some larger weapons.
You are too small for most types of armour.
You have supernaturally acute eyesight. (SInv)
You cover ground extremely quickly. (Speed+++)
You have sharp toenails.
You have a somewhat thin skeletal structure. (Dex +2, Stealth+)
Armour fits poorly on your strangely shaped body.
You are robust. (+10% HP)


   Skills:
 - Level 2.0 Fighting
 + Level 5.7 Ranged Weapons
 - Level 7.1 Dodging
 - Level 1.5 Stealth


You had 5 spell levels left.
You didn't know any spells.
Your spell library was empty.

Inventory:

Hand Weapons
 a - a +0 shortbow (weapon)
Armour
 c - a +0 robe (worn)
Jewellery
 g - a +6 ring of dexterity (left hand)
 m - a ring of positive energy (right hand)
Wands
 b - a wand of polymorph (19)
Scrolls
 l - a scroll of teleportation
Potions
 d - a potion of mutation
 h - a potion of curing

Dungeon Overview and Level Annotations

Branches:
Dungeon (4/15)
 Temple: D:4-7

Altars:


Message History

The orc priest shouts!
The orc hits you with a +0 whip.
You shoot an arrow. The arrow hits the orc!
You kill the orc!
The orc priest closely misses you.
You shoot an arrow.
The arrow hits the orc priest but does no damage.
The orc priest invokes the aid of Beogh against you.
You resist with significant effort. The orc priest closely misses you.
You shoot an arrow. The arrow hits the orc priest.
The orc priest is lightly wounded.
The orc priest mumbles some strange prayers to Beogh against you.
Beogh smites you!
You shoot an arrow. The arrow barely misses the orc priest.
The orc priest barely misses you.
The orc priest calls down the wrath of Beogh upon you.
Beogh smites you!
You shoot an arrow. The arrow hits the orc priest!
The orc priest is heavily wounded.
The orc priest closely misses you. x2
You shoot an arrow.
The arrow closely misses the orc priest.
The orc priest misses you.
The orc priest begins to cast a cantrip, but forgets the words!
You shoot an arrow.
The arrow hits the orc priest but does no damage.
The orc priest is heavily wounded.
The orc priest hits you with a +2 whip of venom!
You are lethally poisoned!
The orc priest misses you.
2123 ||| READING 2 scrolls of teleportation.
As you read the scroll of teleportation, it crumbles to dust.
You feel strangely unstable.
You feel very sick. The orc priest completely misses you.
The orc priest misses you.
You shoot an arrow.
The arrow closely misses the orc priest.
You feel sick. The orc priest misses you.
The orc priest hits you with a +0 hand axe.
You die...

#....#.# ###..#.#
#..#.# #..#.# #..#.#
#..#.# #..#%#
###.#####..#.#
......<.o@.#.#
#.######o###.# #. #.#
#.# ######.######.#
#.#
...........##.###.#
#.........##.#
#.........##.#
#............#
########.........####


You could see 2 orc priests.

Vanquished Creatures
  An ogre (D:4)
  A howler monkey (D:4)
  Jessica (D:3)
  2 iguanas (D:4)
  4 gnolls (D:3)
  5 adders
  A ribbon worm (D:3)
  A dart slug (D:1)
  9 orcs
  4 ball pythons
  8 endoplasms
  8 giant cockroaches (D:2)
  4 goblins
  7 hobgoblins
  4 jackals (D:1)
  A kobold (D:1)
  2 quokkas (D:1)
  A frilled lizard (D:1)
  3 rats
67 creatures vanquished.

Notes
Turn   | Place    | Note
-------+----------+-------------------------------------------
     0 | D:1      | qw the Spriggan Hunter began the quest for the Orb.
     0 | D:1      | Reached XP level 1. HP: 10/10 MP: 2/2
     0 | D:1      | 0 ||| qw: Version: 0.3-a-160-g6735b56
     0 | D:1      | 0 ||| qw: Game counter: 6222
     0 | D:1      | 0 ||| qw: Melee chars always use a shield: true
     0 | D:1      | 0 ||| qw: God list: Okawaru
     0 | D:1      | 0 ||| qw: Allow faded altars: false
     0 | D:1      | 0 ||| qw: Do Orc after clearing Dungeon:15 true
     0 | D:1      | 0 ||| qw: Do second Lair branch before Depths: true
     0 | D:1      | 0 ||| qw: Lair rune preference: random
     0 | D:1      | 0 ||| qw: Goals: Normal
     0 | D:1      | 0 ||| PLANNING D:1-11
    58 | D:1      | Reached skill level 3 in Dodging
   139 | D:1      | Reached XP level 2. HP: 13/14 MP: 3/3
   186 | D:1      | Reached skill level 4 in Dodging
   393 | D:1      | 393 ||| UPGRADING to +6 ring of dexterity.
   394 | D:1      | 394 ||| READING scroll labelled URPHOI AMUPUSEP.
   495 | D:1      | 495 ||| READING scroll labelled KIUB DIKIEST.
   500 | D:1      | 500 ||| DROPPING scroll of butterflies.
   551 | D:2      | Reached XP level 3. HP: 18/18 MP: 4/4
   737 | D:2      | Reached skill level 5 in Dodging
   839 | D:2      | Found a faded altar of an unknown god.
  1208 | D:2      | 1208 ||| UPGRADING to ring of positive energy.
  1209 | D:2      | 1209 ||| READING scroll labelled MODULY SIGEVATU.
  1210 | D:2      | 1210 ||| READING 2 scrolls labelled NOJUMA EDOJADI.
  1211 | D:2      | 1211 ||| READING 2 scrolls labelled FYAF PUTARPHAFFIOSS.
  1212 | D:2      | 1212 ||| READING scroll labelled SEOLEU OCEFE.
  1212 | D:2      | 1212 ||| IDENTIFYING fuming silvery potion
  1213 | D:2      | 1213 ||| DRINKING 2 viscous ruby potions.
  1213 | D:2      | Gained mutation: You have sharp toenails. [potion of
                  | mutation]
  1213 | D:2      | Gained mutation: You have a somewhat thin skeletal
                  | structure. (Dex +2, Stealth+) [potion of mutation]
  1213 | D:2      | Gained mutation: Armour fits poorly on your strangely
                  | shaped body. [potion of mutation]
  1213 | D:2      | Gained mutation: You are robust. (+10% HP) [potion of
                  | mutation]
  1216 | D:2      | 1216 ||| DROPPING scroll of noise.
  1217 | D:2      | 1217 ||| DROPPING potion of berserk rage.
  1218 | D:2      | 1218 ||| DROPPING scroll of blinking.
  1335 | D:3      | Reached XP level 4. HP: 21/24 MP: 5/5
  1335 | D:3      | 1335 ||| FLEEEEING.
  1336 | D:3      | 1336 ||| FLEEEEING.
  1337 | D:3      | 1337 ||| FLEEEEING.
  1338 | D:3      | 1338 ||| FLEEEEING.
  1708 | D:3      | Noticed Jessica
  1709 | D:3      | Killed Jessica
  1818 | D:3      | Reached XP level 5. HP: 27/27 MP: 6/6
  1856 | D:3      | 1856 ||| DROPPING scarf of harm.
  1857 | D:3      | 1857 ||| READING scroll of identify.
  1857 | D:3      | 1857 ||| IDENTIFYING black potion
  1858 | D:3      | 1858 ||| DRINKING 2 metallic blue potions.
  1864 | D:4      | 1864 ||| PLANNING OSSUARY
  1896 | D:4      | Reached skill level 6 in Dodging
  2012 | D:4      | Noticed an ogre
  2013 | D:4      | 2013 ||| DRINKING potion of haste.
  2019 | D:4      | Killed an ogre
  2020 | D:4      | Reached skill level 7 in Dodging
  2020 | D:4      | Reached XP level 6. HP: 33/33 MP: 7/7
  2122 | D:4      | HP: 5/33 [orc priest/+2 whip of venom (7)]
  2123 | D:4      | 2123 ||| READING 2 scrolls of teleportation.
  2123 | D:4      | HP: 2/33 [poisoned by an orc priest]
  2124 | D:4      | Slain by an orc priest

Levels and vault maps discovered:
D:1:      dpeg_arrival_simpleton_b, layout_rooms
D:2:      minmay_roachtagon, layout_loops_ring, shapermc_ecumenical_altar_venn,
          chequers_garden
D:3:      layout_rooms, roderic_roman_lattice, minmay_misc_feat_tiny,
          uniq_jessica, uniq_crazy_yiuf_cottage
D:4:      layout_loops_ring, nicolae_ossuary_entry_plus

Skill      XL: |  1  2  3  4  5 |
---------------+----------------+-----
Dodging        | 3 4 5 7 |  7.1
Ranged Weapons | 5 |  5.7
Fighting       | 2 |  2.0
Stealth        | |  1.5

Action                     |  1- 3 |  4- 6 || total
---------------------------+-------+-------++-------
   Fire: Shortbow          |   105 |   117 ||   222
    Use: Scroll            |     6 |     2 ||     8
         Potion            |     1 |     2 ||     3
 Armour: Robe              |    15 |     9 ||    24
  Dodge: Dodged            |    53 |    28 ||    81

Table legend:
 A = Non-vault XP
 B = Vault XP
 C = Vault XP percentage of total XP
 D = Non-vault monster count
 E = Vault monster count
 F = Vault count percentage of total count
                 A         B        C        D         E       F
            +---------+---------+-------+---------+---------+-------
      Total |     471 |      51 |   9.8 |      59 |       8 |  11.9
            +---------+---------+-------+---------+---------+-------
        D:1 |      32 |       0 |   0.0 |      16 |       0 |   0.0
        D:2 |      26 |      14 |  35.0 |       9 |       7 |  43.8
        D:3 |     106 |      37 |  25.9 |      15 |       1 |   6.2
        D:4 |     307 |       0 |   0.0 |      19 |       0 |   0.0
            +---------+---------+-------+---------+---------+-------
